 Dungeon Crawl Stone Soup version 0.29.1-15-g9cfb28693d (webtiles) character file.

Game seed: 2996898738417346012

2263 KamiKatze the Cleaver (level 9, -2/82 HPs)
             Began as a Gargoyle Berserker on Mar 4, 2023.
             Was a High Priest of Trog.
             Slain by an eight-headed hydra (6 damage)
             ... on level 6 of the Dungeon.
             The game lasted 00:26:17 (6173 turns).

KamiKatze the Cleaver (Gargoyle Berserker)          Turns: 6173, Time: 00:26:17

Health: -2/82      AC: 20    Str: 23    XL:     9   Next: 38%
Magic:  8/8        EV: 12    Int:  8    God:    Trog [*****.]
Gold:   247        SH:  0    Dex: 11    Spells: 8/8 levels left

rFire   . . .      SeeInvis .   G - +0 morningstar
rCold   . . .      Faith    .   (no shield)
rNeg    + . .      Spirit   .   m - +3 leather armour {rPois}
rPois   ∞          Reflect  .   y - +2 helmet
rElec   +          Harm     .   h - +2 cloak
rCorr   .          Rampage  .   (no gloves)
Will    .....                   q - +0 pair of boots
Stlth   ..........              (no amulet)
HPRegen 0.23/turn               (no ring)
MPRegen 0.11/turn               (no ring)

@: berserking, very quick
A: sickness immunity, AC +6, negative energy resistance 1, electricity
resistance, torment resistance 1, petrification resistance, low MP 1, sense
surroundings 1, noise suppression
a: Renounce Religion, Berserk, Trog's Hand, Brothers in Arms


You were on level 6 of the Dungeon.
You worshipped Trog.
Trog was extremely pleased with you.
You visited 2 branches of the dungeon, and saw 7 of its levels.
You also visited: Sewer.

You collected 247 gold pieces.

Inventory:

Hand Weapons
 a - a +0 hand axe
 l - a +2 broad axe of freezing
 u - a +0 flail
 C - a +1 war axe
 G - a +0 morningstar (weapon)
 K - a +0 war axe
Missiles
 t - 6 atropa-tipped darts (quivered)
 A - 2 throwing nets
 H - 2 boomerangs of dispersal
Armour
 c - a +0 ring mail
 g - a +0 helmet of intelligence
 h - a +2 cloak (worn)
 m - a +3 leather armour of poison resistance (worn)
 n - a +0 chain mail
 q - a +0 pair of boots (worn)
 v - a +0 scale mail
 y - a +2 helmet (worn)
 L - a +0 plate armour
Jewellery
 E - a ring of ice
Wands
 w - a wand of roots (9)
Scrolls
 d - a scroll of teleportation
 f - 3 scrolls of enchant weapon
 i - a scroll of blinking
 k - 2 scrolls of fear
 p - a scroll of magic mapping
 s - a scroll of enchant armour
 x - a scroll of fog
 D - a scroll of noise {unknown}
 I - a scroll of poison {unknown}
 J - a scroll of vulnerability {unknown}
Potions
 b - a potion of berserk rage
 e - 3 potions of mutation
 j - 2 potions of magic
 o - 3 potions of curing
 r - 2 potions of heal wounds
 z - 2 potions of cancellation
 B - 2 potions of attraction
 F - 2 potions of lignification {unknown}


   Skills:
 + Level 6.0 Fighting
 * Level 10.0 Axes
 - Level 2.0 Throwing
 + Level 3.0 Armour
 + Level 2.0 Dodging
 - Level 2.0 Evocations


You had 8 spell levels left.
You didn't know any spells.
Your spell library was empty.

Dungeon Overview and Level Annotations

Branches:
Dungeon (6/15)             Temple (1/1) D:6           Sewer (visited)

Altars:
Ashenzari
Cheibriados
Dithmenos
Elyvilon
Fedhas
Gozag
Hepliaklqana
Kikubaaqudgha
Makhleb
Nemelex Xobeh
Okawaru
Qazlal
Ru
Sif Muna
Trog
Uskayaw
Vehumet
Wu Jian
Xom
Yredelemnul
Zin
The Shining One

Shops:
D:4 (

Portals:
Abyss: D:3

Annotations:
D:3 2 transporters, duchin's ghost, amateur MfIE


Innate Abilities, Weirdness & Mutations

You are immune to sickness and miasma.
Your stone body is resilient. (AC +6)
You are immune to poison.
You resist negative energy. (rN+)
You are resistant to electric shocks. (rElec)
You are resistant to unholy torment.
You are immune to petrification.
Your magical capacity is low. (-10% MP)
You passively map a small area around you.
You passively dampen the noise of your surroundings.


Message History

The eight-headed hydra is lightly wounded.
The eight-headed hydra bites you!
The eight-headed hydra bites you but does no damage.
The eight-headed hydra bites you!
The eight-headed hydra bites you but does no damage. x2
The eight-headed hydra bites you. The eight-headed hydra misses you.
The eight-headed hydra bites you.
You sock the eight-headed hydra!
The eight-headed hydra is moderately wounded.
The eight-headed hydra bites you.
* * * LOW HITPOINT WARNING * * *
The eight-headed hydra bites you but does no damage. x2
The eight-headed hydra bites you.
* * * LOW HITPOINT WARNING * * *
The eight-headed hydra bites you.
* * * LOW HITPOINT WARNING * * *
The eight-headed hydra barely misses you.
The eight-headed hydra bites you but does no damage.
The eight-headed hydra completely misses you.
You thump the eight-headed hydra!
The eight-headed hydra is heavily wounded.
The eight-headed hydra bites you but does no damage.
The eight-headed hydra bites you.
* * * LOW HITPOINT WARNING * * *
The eight-headed hydra closely misses you. x2
The eight-headed hydra bites you but does no damage. x2
The eight-headed hydra barely misses you.
The eight-headed hydra bites you!
* * * LOW HITPOINT WARNING * * *
You barely miss the eight-headed hydra.
The eight-headed hydra is heavily wounded.
Unknown command.
You barely miss the eight-headed hydra.
The eight-headed hydra is heavily wounded.
The eight-headed hydra bites you.
* * * LOW HITPOINT WARNING * * *
The eight-headed hydra barely misses you.
The eight-headed hydra bites you but does no damage. x3
The eight-headed hydra bites you.
You die...

#....#####. , , , , #.......... *
, #.)..###### * #....### *
#..).).#### , , ,* ,
##.###....############ #.#
##.......##..'..##
###.#####..###.#.[###..#### .
......##.......#@8#F#8.#..## ##.
##'##'##'####.##D##?##'##..## #..
.....#.....#..#...+!#..8#...###.#
.....#.....##.#8..#/#..†'....##.#
##'##'##+##'..##+##?##'##.......#
..#.....#..##.# y8#)#8.#..#..#..#
..#+###+#..##.# ..###..##.##<.#.#
..#.....#..##.#*#..+..###.###....
..'.._..+..+..# ## ### #.# #####


You could see an eight-headed hydra.

Vanquished Creatures
  Pikel (D:4)
  A steam dragon (D:6)
  Eustachio (D:3)
  A water moccasin (D:6)
  An orc warrior (D:6)
  4 centaurs
  A lemure (D:4)
  A kobold brigand (D:4)
  2 bullfrogs (Sewer)
  A howler monkey (D:5)
  A jelly (D:6)
  2 hounds
  2 orc priests (D:6)
  Crazy Yiuf (D:3)
  An iguana (D:5)
  5 orc wizards
  Robin (D:3)
  19 adders
  4 gnolls
  6 river rats
  A shadow imp (D:6)
  A white imp (D:4)
  An ufetubus (D:5)
  5 worms
  4 dart slugs
  17 orcs
  13 endoplasms
  9 giant cockroaches
  15 goblins
  13 hobgoblins
  2 jackals (D:3)
  9 kobolds
  2 quokkas
  14 ball pythons
  5 bats
  4 frilled lizards
  30 rats
  A spectral hobgoblin (D:1)
202 creatures vanquished.

Vanquished Creatures (others)
  3 plants
3 creatures vanquished.

Grand Total: 205 creatures vanquished

Notes
Turn   | Place    | Note
-------+----------+-------------------------------------------
     0 | D:1      | KamiKatze the Gargoyle Berserker began the quest for the
                  | Orb.
     0 | D:1      | Reached XP level 1. HP: 14/14 MP: 1/1
   171 | D:1      | Reached XP level 2. HP: 18/19 MP: 2/2
   275 | D:1      | Reached skill level 3 in Axes
   347 | D:1      | Reached XP level 3. HP: 24/24 MP: 3/3
   383 | D:1      | Found a faded altar of an unknown god.
   438 | D:1      | Reached ** piety under Trog
  1043 | D:2      | Reached XP level 4. HP: 29/29 MP: 4/4
  1672 | D:3      | Reached XP level 5. HP: 20/34 MP: 5/5
  1740 | D:3      | Found a transporter.
  1901 | D:3      | Found a runed translucent door.
  1902 | D:3      | Noticed Crazy Yiuf
  1911 | D:3      | Killed Crazy Yiuf
  1912 | D:3      | Reached skill level 4 in Axes
  1956 | D:3      | Found a transporter.
  1976 | D:3      | Found a one-way gate to the infinite horrors of the Abyss.
  1976 | D:3      | Noticed duchin's ghost (amateur MfIE)
  1977 | D:3      | Noticed a kobold brigand
  2159 | D:3      | Reached *** piety under Trog
  2367 | D:4      | Noticed Eustachio
  2370 | D:4      | Noticed Robin
  2394 | D:3      | Killed Robin
  2395 | D:3      | Reached skill level 5 in Fighting
  2517 | D:3      | Gained mutation: You are partially covered in iridescent
                  | scales. (AC +2) [potion of mutation]
  2517 | D:3      | Gained mutation: You have a pair of small horns on your
                  | head. [potion of mutation]
  2886 | D:4      | Identified the +3 dagger "Cituv" {venom, rF+}
  2893 | D:4      | Lost mutation: You are partially covered in iridescent
                  | scales. (AC +2) [potion of mutation]
  2893 | D:4      | Lost mutation: You have a pair of small horns on your head.
                  | [potion of mutation]
  2893 | D:4      | Gained mutation: You passively map a small area around you.
                  | [potion of mutation]
  2893 | D:4      | Gained mutation: Your magical capacity is low. (-10% MP)
                  | [potion of mutation]
  2893 | D:4      | Gained mutation: You passively dampen the noise of your
                  | surroundings. [potion of mutation]
  2921 | D:4      | Found Hadaxek's Antique Weapon Shoppe.
  2958 | D:3      | Reached XP level 6. HP: 19/40 MP: 5/5
  3279 | D:4      | Reached skill level 1 in Throwing
  3436 | D:4      | Reached skill level 1 in Evocations
  3769 | D:4      | Found a white marble altar of Elyvilon.
  3801 | D:4      | Reached **** piety under Trog
  3992 | D:5      | Entered Level 5 of the Dungeon
  4020 | D:5      | Reached XP level 7. HP: 44/44 MP: 6/6
  4092 | D:5      | Reached skill level 5 in Axes
  4158 | D:5      | Found a glowing drain.
  4188 | Sewer    | Entered a sewer
  4449 | Sewer    | Reached ***** piety under Trog
  4536 | Sewer    | Reached skill level 6 in Axes
  4536 | Sewer    | Reached XP level 8. HP: 46/51 MP: 7/7
  4672 | D:5      | Found a glowing golden altar of the Shining One.
  4731 | D:5      | Identified a scroll of acquirement
  4733 | D:5      | Acquired a +2 broad axe of freezing
  4952 | D:5      | Identified the +3 sling of Yeast {flame, Int+4}
  5268 | D:4      | Noticed Pikel
  5288 | D:4      | Killed Pikel
  5289 | D:4      | Reached skill level 8 in Axes
  5415 | D:3      | Killed Eustachio
  5468 | D:6      | Reached XP level 9. HP: 45/55 MP: 8/8
  5529 | D:6      | Reached skill level 9 in Axes
  5715 | D:6      | Found a basalt altar of Yredelemnul.
  5857 | D:6      | Found a staircase to the Ecumenical Temple.
  5866 | Temple   | Entered the Ecumenical Temple
  6156 | D:6      | Reached skill level 10 in Axes
  6162 | D:6      | Noticed an eight-headed hydra
  6173 | D:6      | HP: 4/82 [eight-headed hydra (4)]
  6173 | D:6      | Slain by an eight-headed hydra

Illustrated notes

Levels and vault maps discovered:
D:1:      nzn_arrival_depleted_hourglass, layout_loops_ring,
          dreamdust_ecumenical_altar_drowned_temple
D:2:      layout_loops_ring
D:3:      layout_basic, gammafunk_ghost_abyssal_escape,
          minmay_randomly_rotated_circles, uniq_crazy_yiuf_cottage
D:4:      layout_basic, elyvilon_altar_1, serial_shops, shop,
          lexackson_kobold_supper, uniq_eustachio, uniq_robin, uniq_pikel
D:5:      layout_cave_pods, tso_oasis_becter, portal_sewer_entry_e,
          minmay_misc_feat_tower, grunt_ministairs_1
D:6:      minmay_chambers_of_sixes, layout_rooms, mainiacjoe_overflow_24_doors,
          minmay_temple_entry_sparse_star, nicolae_fountain_basement
Temple:   compressed_dpeg_triangle_lava_temple

Skill      XL: |  1  2  3  4  5  6  7  8  9 |
---------------+----------------------------+-----
Axes           | 3 4 6 8 10 | 10.0
Dodging        | 2 |  2.0
Fighting       | 4 5 6 |  6.0
Armour         | 3 |  3.0
Throwing       | 1 2 |  2.0
Evocations     | 1 2 |  2.0

Action                   |  1- 3 |  4- 6 |  7- 9 || total
-------------------------+-------+-------+-------++-------
Melee: Hand axe          |    99 |   360 |   368 ||   827
       Punch             |     1 |     9 |     4 ||    14
       Headbutt          |       |     1 |       ||     1
       War axe           |       |       |    19 ||    19
       Morningstar       |       |       |     6 ||     6
Invok: Berserk           |       |     5 |     3 ||     8
       Trog's Hand       |       |     1 |     3 ||     4
  Use: Potion            |       |     5 |       ||     5
       Scroll            |       |     6 |     8 ||    14
Armor: Ring mail         |    56 |       |       ||    56
       Leather armour    |       |   188 |   313 ||   501
Dodge: Dodged            |    50 |   247 |   334 ||   631
